 Dungeon Crawl Stone Soup version 0.30.0-5-g1a98f26d00 (webtiles) character file.

Game seed: 12596973904390490073

68 Gabide the Trooper (level 4, 0/48 HPs)
             Began as an Ogre Gladiator on May 11, 2023.
             Slain by a kobold
             ... wielding a +0 club
              (4 damage)
             ... on level 4 of the Dungeon.
             The game lasted 00:01:29 (1202 turns).

Gabide the Trooper (Ogre Gladiator)                 Turns: 1202, Time: 00:01:29

Health: 0/48       AC:  3    Str: 20    XL:     4   Next: 19%
Magic:  4/4        EV: 10    Int:  9    God:
Gold:   48         SH:  0    Dex: 10    Spells: 3/3 levels left

rFire   . . .        a - +0 flail
rCold   . . .        (no shield)
rNeg    . . .        b - +0 robe
rPois   .            c - +0 hat
rElec   .            (no cloak)
rCorr   .            (gloves unavailable)
SInv    .            (boots unavailable)
Will    .....        (no amulet)
Stlth   +            (no ring)
HPRegen 0.28/turn    (no ring)
MPRegen 0.09/turn

%: no passive effects
@: mighty, lethally poisoned (0 -> -6)
A: large, unfitting armour, tough skin 1
a: no special abilities


You were on level 4 of the Dungeon.
You visited 1 branch of the dungeon, and saw 3 of its levels.

You collected 48 gold pieces.

Inventory:

Hand Weapons
 a - a +0 flail (weapon)
Missiles
 d - 3 throwing nets (quivered)
 e - a large rock
Armour
 b - a +0 robe (worn)
 c - a +0 hat (worn)
Jewellery
 k - a +6 ring of intelligence
 o - a ring of fire
Scrolls
 h - a scroll of blinking {unknown}
 j - 4 scrolls of teleportation {unknown}
 l - 5 scrolls of identify {unknown}
 m - 2 scrolls of immolation {unknown}
 p - a scroll of enchant weapon {unknown}
Potions
 f - 2 potions of curing {unknown}
 i - a potion of resistance {unknown}
 n - a potion of heal wounds {unknown}


   Skills:
 * Level 4.2 Fighting
 * Level 3.5 Maces & Flails
 - Level 2.0 Throwing
 + Level 3.1 Dodging


You had 3 spell levels left.
You didn't know any spells.
Your spell library contained the following spells:

 Spells                   Type           Power      Damage    Failure   Level
 Petrify                  Tmut/Erth      0%         N/A       99%         4
 Metabolic Englaciation   Hex/Ice        0%         N/A       100%        5
 Statue Form              Tmut/Erth      0%         N/A       100%        6


Dungeon Overview and Level Annotations

Branches:
Dungeon (2/15)

Altars:

Shops:
D:1 *


Innate Abilities, Weirdness & Mutations

You are too large for most types of armour.
You have tough skin. (AC +1)


Message History

p - a scroll labelled OSURRA DETWEP A sourceless malevolence fills the Dungeon...
You fall into a shaft and drop 2 floors!
The shaft crumbles and collapses.
You open the door.
A giant cockroach comes into view.
An adder comes into view.
There is an open door here.
You thump the giant cockroach!
You kill the giant cockroach!
The adder hisses angrily.
A kobold comes into view. It is wielding a +0 club.
An adder and a centaur come into view.
Found ice dragon scales and a clear potion.
The centaur shouts!
The adder misses you.
You barely miss the adder. The adder barely misses you.
The centaur wields a +0 shortbow.
The centaur shoots an arrow.
The arrow hits you!
You hit the adder.
The adder is lightly wounded.
The adder bites you but does no damage.
The centaur shoots an arrow.
The arrow hits you! The adder bites you but does no damage.
You barely miss the adder.
The adder is lightly wounded.
The centaur shoots an arrow.
The arrow hits you. The adder closely misses you.
The centaur shoots an arrow.
The arrow hits you. The adder bites you.
* * * LOW HITPOINT WARNING * * *
The kobold hits you with a +0 club.
* * * LOW HITPOINT WARNING * * *
It was a potion of might.
You feel very mighty all of a sudden. The adder bites you.
* * * LOW HITPOINT WARNING * * *
You are poisoned.
The adder poisons you!
The centaur unwields a +0 shortbow.
The centaur hits you.
* * * LOW HITPOINT WARNING * * *
The centaur misses you. The kobold hits you with a +0 club.
You die...

.. .... ....
....########+##
............#
#####..........#
#...#....K.....#
#...#..c@S.....#
#...#.†........#
#...##'###.....#
#...##...+.....#
#........# .[..#
#........# .!..#
#...###### ...#
#...# ..S# #....


You could see a centaur, 2 adders and a kobold.

Vanquished Creatures
  An adder (D:2)
  2 worms (D:2)
  4 bats
  5 endoplasms
  4 giant cockroaches
  2 goblins (D:1)
  5 hobgoblins
  8 kobolds
  7 quokkas
  3 ball pythons
  3 frilled lizards
  2 rats
46 creatures vanquished.

Notes
Turn   | Place    | Note
-------+----------+-------------------------------------------
     0 | D:1      | Gabide the Ogre Gladiator began the quest for the Orb.
     0 | D:1      | Reached XP level 1. HP: 22/22 MP: 1/1
    49 | D:1      | Reached skill level 3 in Fighting
   110 | D:1      | Found Kedaequ's Assorted Antiques.
   133 | D:1      | Reached XP level 2. HP: 31/31 MP: 2/2
   598 | D:1      | Reached XP level 3. HP: 23/37 MP: 3/3
   971 | D:2      | Reached skill level 4 in Fighting
   973 | D:2      | Reached XP level 4. HP: 39/48 MP: 4/4
  1186 | D:2      | You fall into a shaft and drop 2 floors!
  1198 | D:4      | Noticed a centaur
  1202 | D:4      | Slain by a kobold

Illustrated notes

Levels and vault maps discovered:
D:1:      spicycebolla_arrival_xxxplode, layout_basic, serial_shops,
          nicolae_shop_trees, serial_park_tiny_pond,
          hangedman_abyss_or_decor_lesser_grid
D:2:      layout_rooms, serial_bayou, serial_bayou_pond_b,
          serial_bayou_crossing, serial_bayou_pond_b, serial_bayou_ford_a,
          serial_bayou_pond_b
D:4:      layout_gridville, mainiacjoe_overflow_alcove_3

Skill      XL: |  1  2  3 |
---------------+----------+-----
Fighting       | 3 4 |  4.2
Maces & Flails | 3 |  3.5
Dodging        | 3 |  3.1
Throwing       | |  2.0

Action                     |  1- 3 |  4- 6 || total
---------------------------+-------+-------++-------
  Melee: Flail             |    92 |    27 ||   119
  Throw: Throwing net      |     3 |       ||     3
         Large rock        |     1 |     1 ||     2
    Use: Potion            |       |     1 ||     1
   Stab: Held in net/web   |     1 |       ||     1
 Armour: Robe              |    40 |     8 ||    48
  Dodge: Dodged            |    64 |    15 ||    79
